[Event "CAMPEONATO NACIONAL ABSOLUTO DE CHILE 2019"]
[Site "Torre ENTEL, Chile"]
[Date "????.??.??"]
[Round "7.4"]
[White "Aguirre Contreras, Cristian"]
[Black "Henriquez Villagra, Cristobal"]
[Result "0-1"]
[TimeControl "90 minutos mas 30 segundos incremento por movida"]
[WhiteTitle "FM"]
[BlackTitle "GM"]
[WhiteFideId "3412776"]
[BlackFideId "3409350"]
[WhiteElo "2252"]
[BlackElo "2508"]

1. Nf3 Nf6 2. d4 g6 3. Nc3 d5 4. Bf4 Bg7 5. Qd2 c6 6. Ne5 Be6 7. f3 Nbd7 8. g4 Nb6 9. h4 h5 10.
g5 Nfd7 11. e3 Nxe5 12. Bxe5 Bxe5 13. dxe5 Qc7 14. Qh2 Nd7 15. f4 Qb6 16. Nd1 O-O-O 17. c3 Nc5 18. Be2 Bf5 19. Rc1 Qa5 20.
O-O Qxa2 21. c4 Nb3 22. Rc3 Nd2 23. Ra3 Nxf1 24. Bxf1 Qb1 25. Nc3 Qe1 0-1

[Event "CAMPEONATO NACIONAL ABSOLUTO DE CHILE 2019"]
[Site "Torre ENTEL, Chile"]
[Date "????.??.??"]
[Round "7.5"]
[White "Cuevas Araya, Walter"]
[Black "Salinas Herrera, Pablo"]
[Result "0-1"]
[TimeControl "90 minutos mas 30 segundos incremento por movida"]
[WhiteTitle "FM"]
[BlackTitle "IM"]
[WhiteFideId "3405028"]
[BlackFideId "3407128"]
[WhiteElo "2187"]
[BlackElo "2477"]

1. d4 g6 2. c4 Bg7 3. Nf3 d6 4. g3 Nf6 5. Nc3 O-O 6. Bg2 Nc6 7. O-O e5 8. h3 Nd7 9. Be3 Ne7 10.
dxe5 dxe5 11. Bd2 f5 12. Bg5 h6 13. Bxe7 Qxe7 14. Nd5 Qd6 15. Nd2 c6 16. Nc3 e4 17. Nb3 Qe7 18. e3 Ne5 19.
Nd2 Be6 20. Qa4 Rfd8 21. Rfd1 Qf7 22. Bf1 Rxd2 0-1

[Event "CAMPEONATO NACIONAL ABSOLUTO DE CHILE 2019"]
[Site "Torre ENTEL, Chile"]
[Date "????.??.??"]
[Round "7.6"]
[White "Abarca Gonzalez, Nicolas"]
[Black "Lopez Silva, Hugo"]
[Result "1/2-1/2"]
[TimeControl "90 minutos mas 30 segundos incremento por movida"]
[WhiteFideId "3409422"]
[BlackFideId "3403874"]
[WhiteElo "2418"]
[BlackElo "2413"]

1. Nf3 Nf6 2. g3 g6 3. b3 Bg7 4. Bb2 c5 5. c4 d6 6. Bg2 e5 7. O-O O-O 8. Nc3 Nc6 9. Ne1 Be6 10.
Nc2 d5 11. Ba3 b6 12. e3 Re8 13. d4 exd4 14. exd4 Nxd4 15. Nxd4 cxd4 16. Nb5 Qd7 17. Nxd4 Bh3 18. Rc1 Bxg2 19.
Kxg2 dxc4 20. bxc4 Rad8 21. Nb5 Qb7+ 22. Qf3 Qxf3+ 23. Kxf3 Rd3+ 24. Kg2 a6 25. Nc3 Ng4 26. Nb1 Bd4 27.
h3 Ne5 28. c5 bxc5 29. Bxc5 Bxc5 30. Rxc5 Nf3 31. Rc3 Red8 32. Rxd3 Rxd3 33. Rc1 Ng5 34. Rc6 Rd1 35. Nc3 Rc1 36. Nd5 Rd1 37. Nf6+ Kg7 38. Rxa6 Rd2 39.
h4 Ne6 40. Ne4 Re2 41. Ng5 Nxg5 42.
hxg5 h6 43. gxh6+ Kxh6 44. Kf3 Rb2 45.
Ra8 Kg5 46. a4 Rb3+ 47. Kg2 Ra3 48. a5 Kg4 49. a6 Kg5 50. Kh3 Ra2 51. Kg2 Ra3 52. Ra7 Kf6 53. Kh3 Kg5 54. Rxf7 Rxa6 55.
f4+ Kh6 56. Kh4 Ra4 57. Kg4 Rb4 58. Re7 Rb6 59. Kh4 Rb4 60. Kh3 Ra4 61. Rf7 Ra3 62. Rb7 Rc3 63. Kh4 Rc4 64. Rd7 Ra4 65.
Rd6 Rb4 66. Re6 Ra4 67. Kh3 Kg7 68. Kg4 Kh6 69. Kf3 Ra3+ 70. Re3 Ra4 71. g4 Kg7 72. Rb3 Ra7 73. Kg3 Rf7 74. Rb6 Rf8 75.
Kh4 Rxf4 76. Kg5 Rf7 77. Rxg6+ Kh7 78. Rh6+ Kg7 79. Rc6 Ra7 80. Kh5 Ra5+ 81.
g5 Ra7 82. Rg6+ Kh7 83. Re6 Kg7 84. Kg4 Ra4+ 85. Kf5 Ra5+ 86. Re5 Rxe5+ 87. Kxe5 Kg6 88. Kd4 Kxg5 1/2-1/2

[ePGN "0.1;DGT LiveChess/2.2.3"]

[Event "CAMPEONATO NACIONAL ABSOLUTO DE CHILE 2019"]
[Site "Torre ENTEL, Chile"]
[Date "2019.02.25"]
[Round "8.1"]
[White "Gasic Merino, Franco"]
[Black "Lopez Silva, Hugo"]
[Result "0-1"]
[TimeControl "90 minutos mas 30 segundos incremento por movida"]
[WhiteFideId "3414370"]
[BlackFideId "3403874"]
[WhiteElo "2189"]
[BlackElo "2413"]

1. d4 Nf6 2. g3 g6 3. Bg2 d5 4. c4 c6 5. Nd2 Bg7 6. Ngf3 O-O 7. O-O a5 8. b3 a4 9. b4 Ne4 10.
e3 Bg4 11. Qc2 Bf5 12. Nxe4 Bxe4 13. Qe2 Nd7 14. Ba3 dxc4 15. Qxc4 e5 16. Rad1 exd4 17. Nxd4 Ne5 18. Qe2 Bxg2 19.
Kxg2 Qd5+ 20. e4 Qc4 21. f4 Qxe2+ 22. Nxe2 Nc4 23. Bc1 Rfd8 24. e5 f6 25.
e6 f5 26. e7 Re8 27. Rd7 b5 28. Re1 Kf7 29. g4 fxg4 30. f5 Rxe7 31. Rxe7+ Kxe7 32. fxg6 hxg6 33. Nd4+ Kd7 34. Ne6 Bf8 35.
Nxf8+ Rxf8 36. Re4 Rf3 37. Rxg4 Rc3 38. Bh6 Rc2+ 39. Kg3 Rxa2 40. Rxg6 Rb2 41. Bg7 a3 42. h4 a2 43. Bxb2 Nxb2 44. Kg4 a1=Q 45. h5 Nd3 46. Kg5 Qc1+ 47. Kf6 Qf4+ 48. Kg7 Ne5 49. Rh6 Qg5 50. Kh7 Ke7 51.
Kh8 Nf7+ 52. Kh7 Qxh6 53. Kg8 Qh8+ 0-1

[Event "CAMPEONATO NACIONAL ABSOLUTO DE CHILE 2019"]
[Site "Torre ENTEL, Chile"]
[Date "2019.02.25"]
[Round "8.2"]
[White "Salinas Herrera, Pablo"]
[Black "Abarca Gonzalez, Nicolas"]
[Result "1-0"]
[TimeControl "90 minutos mas 30 segundos incremento por movida"]
[WhiteTitle "IM"]
[WhiteFideId "3407128"]
[BlackFideId "3409422"]
[WhiteElo "2477"]
[BlackElo "2418"]

1. d4 Nf6 2. Nf3 g6 3. Bf4 Bg7 4. e3 O-O 5. Be2 d5 6. h3 c5 7. c3 Nc6 8. O-O Qb6 9. Qb3 c4 10.
Qa3 Bf5 11. Nbd2 Rfc8 12. b3 Bf8 13. Qb2 cxb3 14. axb3 a5 15. Ra2 h6 16. Rfa1 g5 17. Bh2 Ra7 18. Ne5 e6 19. Ra4 Nxe5 20.
Bxe5 Nd7 21. Bg3 Bb4 22. cxb4 Rc2 23. bxa5 Rxb2 24. axb6 Rxa4 25. Rxa4 Rxd2 26. Ra8+ Kg7 27. Bb5 Nxb6 28.
Rb8 Bd3 29. Be5+ Kg6 30. Rg8+ Kf5 31. Bxd3+ Rxd3 32. f3 1-0

[Event "CAMPEONATO NACIONAL ABSOLUTO DE CHILE 2019"]
[Site "Torre ENTEL, Chile"]
[Date "2019.02.25"]
[Round "8.3"]
[White "Henriquez Villagra, Cristobal"]
[Black "Cuevas Araya, Walter"]
[Result "1-0"]
[TimeControl "90 minutos mas 30 segundos incremento por movida"]
[WhiteTitle "GM"]
[BlackTitle "FM"]
[WhiteFideId "3409350"]
[BlackFideId "3405028"]
[WhiteElo "2508"]
[BlackElo "2187"]

1. Nf3 Nf6 2. c4 g6 3. g3 Bg7 4. Bg2 O-O 5. O-O c6 6. b3 d5 7. Bb2 Bg4 8. d4 Bxf3 9. Bxf3 e6 10.
Qc2 Nbd7 11. Rd1 h5 12. Nc3 Rc8 13. Bg2 Re8 14. e3 Nf8 15. Qe2 N8h7 16. Rd2 Bh6 17. Rad1 Qc7 18. Rc2 Qb8 19.
b4 Bf8 20. a3 Ng5 21. f4 Ngh7 22. Rdc1 Bg7 23. a4 Rcd8 24. b5 Ng4 25. Nd1 Nhf6 26. Bc3 cxb5 27. axb5 dxc4 28. Ba5 b6 29.
Bd2 Nd5 30. Rxc4 Rc8 31. Bf3 Nh6 32. e4 Ne7 33. Be3 Rxc4 34. Rxc4 Rc8 35. Kg2 Rxc4 36. Qxc4 Qc8 37. Nb2 Ng4 38.
Bg1 Bf8 39. e5 Qxc4 40. Nxc4 Nf5 41. h3 Ngh6 42. Bf2 Be7 43. Nb2 Kf8 44. Nd3 Ke8 45. g4 hxg4 46. hxg4 Nh4+ 47. Bxh4 Bxh4 48.
Bc6+ Kd8 49. Kf3 Be7 50. d5 exd5 51. Bxd5 Ke8 52. Nf2 Bb4 53. Ne4 Ke7 54. Nf6 Ba3 55. Bc4 Bc5 56. Ke4 Ba3 57.
Bf1 Bc1 58. Bh3 Kf8 59. f5 gxf5+ 60. gxf5 Ng8 61. Nd7+ Ke8 62. f6 Bb2 63. Nb8 Kd8 64. Nc6+ Kc7 65. Nxa7 Nxf6+ 66. exf6 Bxf6 67. Kd5 Be7 68.
Bf5 Bf8 69. Nc6 Bc5 70. Ne5 f6 71. Ng4 Bg1 72. Nxf6 Bf2 73. Ke6 Bc5 74. Bg6 Kc8 75. Nd7 Bg1 76. Kd6 Kb7 77. Be4+ Ka7 78.
Kc7 Bf2 79. Kc8 Bg3 80. Nf8 Bd6 81. Ne6 Bg3 82. Bb7 Be5 83. Nd8 1-0

[Event "CAMPEONATO NACIONAL ABSOLUTO DE CHILE 2019"]
[Site "Torre ENTEL, Chile"]
[Date "2019.02.25"]
[Round "8.4"]
[White "Torres Bravo, Cristobal"]
[Black "Aguirre Contreras, Cristian"]
[Result "1/2-1/2"]
[TimeControl "90 minutos mas 30 segundos incremento por movida"]
[WhiteTitle "FM"]
[BlackTitle "FM"]
[WhiteFideId "3405940"]
[BlackFideId "3412776"]
[WhiteElo "2347"]
[BlackElo "2252"]

1. d4 Nf6 2. Nf3 e6 3. g3 d5 4. Bg2 Be7 5. O-O O-O 6. c4 dxc4 7. Qc2 b6 8. Bg5 Nd5 9. Bxe7 Qxe7 10.
Qxc4 Ba6 11. Qc2 Nd7 12. Nc3 Nb4 13. Qb1 c5 14. a3 Nc6 15. dxc5 bxc5 16. b4 Rab8 17. Ng5 Qxg5 18. Bxc6 Ne5 19.
Bg2 Rfc8 20. f4 Qh6 21. b5 Ng4 22. h3 Ne3 23. Rc1 Nxg2 24. Kxg2 Qf6 25. a4 Bb7+ 26. Kh2 Qd4 27. Nd1 Qd2 28. Qc2 Qe1 29. e4 Bxe4 30.
Nc3 Bxc2 31. Rxe1 Rd8 32. Re2 Bd3 33. Rd2 Rd4 34. Rad1 Rbd8 35. a5 Kf8 36. b6 axb6 37. axb6 Ba6 38.
Rxd4 cxd4 39. Ne4 Be2 40. Rd2 d3 41. Nc5 Ke7 42. b7 Rb8 43. Rb2 Bf3 44. Kg1 Kd6 45. Nxd3 Rxb7 46. Rxb7 Bxb7 47.
Kf2 f6 48. Ke3 e5 49. h4 Bc8 50. Nc1 Ba6 51. Nb3 Bc4 52. Nd2 Bd5 53. Nb1 h5 54. Nc3 Bc6 55. Nb1 Ke6 56. fxe5 fxe5 57.
Nc3 Kf5 58. Kf2 Kg4 59. Nd1 Kf5 60. Ne3+ Ke4 61. Nf1 Bd5 62. Ne3 Be6 63. Nf1 Bh3 64. Ne3 Kd3 65. Nd1 Bc8 66. Ne3 Ba6 67.
Nf1 Bc4 68. Ne3 Bb3 69. Nf1 Bd1 70. Ne3 Bg4 71. Nf1 Bh3 72. Ne3 Ke4 73. Nd1 Bc8 74. Ne3 Ba6 75. Nd1 g6 76. Ne3 Bc8 77.
Nd1 Be6 78. Ne3 Bg4 79. Nf1 Kd3 80. Ne3 Be6 81. Nf1 1/2-1/2

[Event "CAMPEONATO NACIONAL ABSOLUTO DE CHILE 2019"]
[Site "Torre ENTEL, Chile"]
[Date "2019.02.25"]
[Round "8.5"]
[White "Vergara Jofre, Felipe"]
[Black "Tapia Fuentes, Jaime"]
[Result "1/2-1/2"]
[TimeControl "90 minutos mas 30 segundos incremento por movida"]
[WhiteTitle "FM"]
[BlackTitle "FM"]
[WhiteFideId "3416291"]
[BlackFideId "3403025"]
[WhiteElo "2265"]
[BlackElo "2259"]

1. e4 c5 2. Nf3 Nc6 3. d4 cxd4 4. Nxd4 Nf6 5. Nc3 g6 6. g3 d6 7. Bg2 Bg4 8. f3 Bd7 9. Be3 Bg7 10.
O-O O-O 11. Nxc6 bxc6 12. Qd2 Qc7 13. Rad1 a5 14. b3 c5 15. Rfe1 a4 16. Bg5 Bc6 17. Nd5 Bxd5 18. exd5 axb3 19.
axb3 c4 20. Bf1 1/2-1/2

[Event "CAMPEONATO NACIONAL ABSOLUTO DE CHILE 2019"]
[Site "Torre ENTEL, Chile"]
[Date "2019.02.25"]
[Round "8.6"]
[White "Garcia Cardenas, Pablo"]
[Black "Olivares Olivares, Claudio"]
[Result "1-0"]
[TimeControl "90 minutos mas 30 segundos incremento por movida"]
[WhiteTitle "IM"]
[BlackTitle "FM"]
[WhiteFideId "3406903"]
[BlackFideId "3400786"]
[WhiteElo "2449"]
[BlackElo "2387"]

1. d4 Nf6 2. c4 c5 3. d5 e6 4. Nc3 exd5 5. cxd5 d6 6. e4 g6 7. f4 Bg7 8. Bb5+ Nfd7 9. Bd3 O-O 10.
Nf3 Na6 11. O-O Nc7 12. a4 a6 13. f5 Rb8 14. Bg5 Bf6 15. Bxf6 Qxf6 16. Kh1 b5 17. e5 dxe5 18. fxg6 hxg6 19.
Nd4 Qh4 20. Nc6 Rb6 21. g3 Qh6 22. a5 Rb7 23. Ne7+ Kg7 24. Ne4 Nxd5 25. Nxd5 Rh8 26. Qe2 Rb8 27. Nxc5 e4 28. Nxd7 Bxd7 29.
Qf2 Bf5 30. Bc2 Rh7 31. Qd4+ Kf8 32. Rf2 Rc8 33. Ne3 Qg5 34. Kg1 Kg8 35. Bxe4 Rh4 36. Nxf5 gxf5 37. Rxf5 Qg6 38. Qe5 Rg4 39.
Bf3 1-0

[ePGN "0.1;DGT LiveChess/2.2.3"]

[Event "CAMPEONATO NACIONAL ABSOLUTO DE CHILE 2019"]
[Site "Torre ENTEL, Chile"]
[Date "2019.02.26"]
[Round "9.1"]
[White "Olivares Olivares, Claudio"]
[Black "Gasic Merino, Franco"]
[Result "1-0"]
[TimeControl "90 minutos mas 30 segundos incremento por movida"]
[WhiteTitle "FM"]
[WhiteFideId "3400786"]
[BlackFideId "3414370"]
[WhiteElo "2387"]
[BlackElo "2189"]

1. e4 d5 2. exd5 Nf6 3. d4 Bg4 4.
f3 Bf5 5. Bb5+ Nbd7 6. c4 e6 7. dxe6 Bxe6 8. d5 Bf5 9. Nc3 Bc5 10. Qe2+ Kf8 11. Be3 Qe7 12. Bxc5 Nxc5 13. Qxe7+ Kxe7 14.
g4 Bg6 15. Nh3 a6 16. Ba4 Nd3+ 17. Kd2 Nxb2 18. Rhe1+ Kd6 19. Bb3 Nd3 20. Re3 Nc5 21. Rae1 h6 22. Nf4 Bh7 23. h4 g5 24.
Nh3 gxh4 25. Nf4 Rae8 26. Rxe8 Rxe8 27. Rh1 Bg6 28. Rxh4 Rh8 29. g5 Ng8 30. Nxg6 fxg6 31. Bc2 Nd7 32. f4 Nf8 33. Ne4+ Ke7 34. Nc5 Rh7 35. gxh6 Rxh6 36. Rxh6 Nxh6 37. Nxb7 Nf7 38. Nc5 Nd6 39.
Kc3 a5 40. a4 Nf5 41. Nb7 c6 42. Nxa5 cxd5 43. cxd5 Nd7 44. Bxf5 gxf5 45. Nc4 Nc5 46. a5 Na6 47. Kd4 Kf6 48.
Ne3 Nb4 49. Kc4 Na6 50. Kb5 1-0

[Event "CAMPEONATO NACIONAL ABSOLUTO DE CHILE 2019"]
[Site "Torre ENTEL, Chile"]
[Date "2019.02.26"]
[Round "9.2"]
[White "Tapia Fuentes, Jaime"]
[Black "Garcia Cardenas, Pablo"]
[Result "1/2-1/2"]
[TimeControl "90 minutos mas 30 segundos incremento por movida"]
[WhiteTitle "FM"]
[BlackTitle "IM"]
[WhiteFideId "3403025"]
[BlackFideId "3406903"]
[WhiteElo "2259"]
[BlackElo "2449"]

1. e4 c6 2. d4 d5 3. Nc3 dxe4 4. Nxe4 Bf5 5. Ng3 Bg6 6. h4 h6 7. Nf3 e6 8. h5 Bh7 9. Bd3 Bxd3 10.
Qxd3 Nf6 11. Bd2 c5 12. O-O-O Nc6 13. Be3 Qa5 14. Qb3 O-O-O 15. Ne5 Qc7 16. Nxc6 Qxc6 17. dxc5 Bxc5 18. Bxc5 Qxc5 19.
Qf3 Qa5 20. a3 Rxd1+ 21. Rxd1 Rd8 22. Rxd8+ Kxd8 23. c3 Qb5 24. Kc2 Ke7 25. Qd3 Qa4+ 26. Kc1 Qf4+ 27. Qd2 Nd5 28. Nf1 Qxd2+ 29. Kxd2 f5 30. c4 Nf6 31. b4 Nxh5 32. c5 Nf4 33. Ne3 g5 34. g3 Nd5 35. Nc4 b6 36. cxb6 axb6 37. b5 h5 38.
a4 h4 39. gxh4 gxh4 40. Ke1 Kd7 41. a5 bxa5 42. Nxa5 Kd6 43. Nb3 Nf4 44. Kf1 Nd3 45. b6 e5 46. Kg2 Kc6 47. Kh3 Kxb6 48.
Kxh4 Kc6 49. f4 exf4 50. Nd4+ Kd5 51. Nxf5 Ke4 52. Ng3+ Ke3 53. Nf5+ Kf3 54. Nd4+ Ke3 55. Nf5+ Ke4 56.
Ng3+ Ke3 57. Nf5+ Kf3 58. Nd4+ Ke4 59. Ne6 f3 60. Ng5+ Kf4 61. Nxf3 1/2-1/2

[Event "CAMPEONATO NACIONAL ABSOLUTO DE CHILE 2019"]
[Site "Torre ENTEL, Chile"]
[Date "2019.02.26"]
[Round "9.3"]
[White "Aguirre Contreras, Cristian"]
[Black "Vergara Jofre, Felipe"]
[Result "1/2-1/2"]
[TimeControl "90 minutos mas 30 segundos incremento por movida"]
[WhiteTitle "FM"]
[BlackTitle "FM"]
[WhiteFideId "3412776"]
[BlackFideId "3416291"]
[WhiteElo "2252"]
[BlackElo "2265"]

1. Nf3 d5 2. g3 Bg4 3. Bg2 Nd7 4. d4 Ngf6 5. O-O e6 6. c4 c6 7. Nc3 dxc4 8. Qc2 Be7 9. Rd1 O-O 10.
Ne5 Nxe5 11. dxe5 Nd5 12. Rd4 Bh5 13. Bf4 b5 14. Qd2 Qb6 15. Ne4 c5 16. Rxd5 exd5 17. Qxd5 Rad8 18. Nd6 g5 19.
Be3 Bxd6 20. exd6 Qxd6 21. Qxg5+ Qg6 22.
Qxc5 Bxe2 23. Qxb5 a6 24. Qa4 Rfe8 25. h4 Rxe3 26. fxe3 Qxg3 27. Qa5 Qxe3+ 28. Kh1 Rd4 29. Qg5+ Qxg5 30.
hxg5 Rd2 31. Rc1 Rxb2 32. Bd5 Rxa2 33.
Bxc4 Bf3+ 34. Kg1 Rg2+ 35. Kf1 Rxg5 36. Bxa6 h5 37. Rc4 Kg7 38. Rf4 Bd5 39. Bd3 Be6 40. Kf2 Rg4 41. Rf3 Rg5 42. Rf4 f5 43. Be2 Kf6 44.
Ra4 Bd5 45. Ra6+ Ke5 46. Ra5 f4 47. Bf3 Kd6 48. Ra6+ Ke5 49. Bxd5 Kf5 50. Bf3 Ke5 51. Rh6 Kf5 52. Bxh5 Rg7 53.
Bf3 Rc7 54. Rh5+ Kg6 55. Ra5 Rc2+ 56. Be2 Rc3 57. Rd5 Re3 58. Bd3+ Kf6 59. Rd8 Ke5 60. Be2 Ra3 61. Bd3 Ra4 62.
Kf3 Ra3 63. Kg4 Rc3 64. Re8+ Kd4 65. Be4 Ke3 66. Ba8+ Kd4 67. Kxf4 Rc7 68. Rd8+ Kc5 69. Be4 Rf7+ 70. Bf5 Re7 71.
Rd2 Kc4 72. Be4 Kc3 73. Rd3+ Kc4 74. Ke3 Rg7 75. Rd4+ Kc5 76. Rd5+ Kc4 77. Rd6 Rc7 78. Rd1 Kc5 79. Rh1 Rg7 80.
Rc1+ Kd6 81. Kd4 Ke7 82. Ke5 Kd8 83. Bf5 Re7+ 84. Be6 Ra7 85. Rh1 Ra5+ 86. Bd5 Ra7 87. Rh6 Rg7 88. Ra6 Ke7 89.
Be4 Kd8 90. Bf5 Re7+ 91. Be6 Rc7 92. Ra4 Ke7 93. Rh4 Kd8 94. Kf6 Ra7 95. Rc4 Ra8 96. Rc6 Rb8 97. Ke5 Rb7 98. Rc2 Rb5+ 99.
Bd5 Rb6 100. Bc6 Ke7 101. Bd5 Kd8 102. Be6 Rb8 103. Rd2+ Kc7 104. Rc2+ Kd8 105. Rc6 Ke7 106. Rc7+ Kd8 107. Rd7+ Kc8 108.
Bf5 Rb7 109. Rg7+ Kb8 110. Rg8+ Kc7 111. Be4 Rb8 112. Rg7+ Kb6 113. Kd4 Rd8+ 114. Bd5 Rb8 115. Rg1 Rd8 116. Rb1+ Kc7 117.
Kc5 Rd7 118. Rb7+ 1/2-1/2

[Event "CAMPEONATO NACIONAL ABSOLUTO DE CHILE 2019"]
[Site "Torre ENTEL, Chile"]
[Date "2019.02.26"]
[Round "9.4"]
[White "Cuevas Araya, Walter"]
[Black "Torres Bravo, Cristobal"]
[Result "1-0"]
[TimeControl "90 minutos mas 30 segundos incremento por movida"]
[WhiteTitle "FM"]
[BlackTitle "FM"]
[WhiteFideId "3405028"]
[BlackFideId "3405940"]
[WhiteElo "2187"]
[BlackElo "2347"]

1. e4 c5 2. Nf3 Nc6 3. d4 cxd4 4. Nxd4 e6 5. Nc3 Qc7 6. Qd3 Nf6 7. Nxc6 bxc6 8. Qg3 Qxg3 9. hxg3 d5 10.
Bd3 Rb8 11. exd5 cxd5 12. Nb5 Bc5 13. Bf4 Rb6 14. Nxa7 Bd7 15. a4 e5 16. Bc1 Ke7 17. Nb5 Ra8 18. Nc3 e4 19. Be2 d4 20.
Nd1 Rxa4 21. Rxa4 Bxa4 22. b3 Bd7 23. Bg5 h6 24. Bxf6+ Rxf6 25. Rh5 g5 26. g4 e3 27. Rh3 Rxf2 28.
Nxf2 exf2+ 29. Kf1 f5 30. Rxh6 fxg4 31. Bd3 g3 32. Rg6 g4 33. Rg7+ Kd6 34. Rg6+ Ke7 35. Rg5 Bb6 36. b4 Kd6 37.
Be2 Ba4 38. Rg6+ Kc7 39. b5 Kb7 40. Bd3 Ka7 41. Rg7+ Kb8 42. Rxg4 1-0

[Event "CAMPEONATO NACIONAL ABSOLUTO DE CHILE 2019"]
[Site "Torre ENTEL, Chile"]
[Date "2019.02.26"]
[Round "9.5"]
[White "Abarca Gonzalez, Nicolas"]
[Black "Henriquez Villagra, Cristobal"]
[Result "1/2-1/2"]
[TimeControl "90 minutos mas 30 segundos incremento por movida"]
[BlackTitle "GM"]
[WhiteFideId "3409422"]
[BlackFideId "3409350"]
[WhiteElo "2418"]
[BlackElo "2508"]

1. e4 c6 2. d4 d5 3. Nc3 dxe4 4. Nxe4 Nd7 5. Nf3 Ngf6 6. Nxf6+ Nxf6 7. Bc4 e6 8. O-O Bd6 9. Bg5 Qc7 10.
Re1 b5 11. Bb3 O-O 12. c3 Nd5 13. c4 bxc4 14. Bxc4 Rb8 15. b3 h6 16. Bd2 Bb7 17. Rc1 Qe7 18. Ne5 Rbd8 19. Qg4 Nf6 20.
Qh4 Rfe8 21. Re2 c5 22. Rce1 Nd5 23. Qg4 Nf6 24. Qh4 Nd5 25. Qg4 Qf6 26. Bb5 Re7 27. dxc5 Bxc5 28. Nc6 Bxc6 29.
Bxc6 Nc3 30. Bxc3 Qxc3 31. Qc4 Qxc4 32. bxc4 Rc7 33. Bb5 Rd6 34. g3 Rd3 35. Ba4 Kf8 36. Rd1 Rxd1+ 37. Bxd1 Rd7 38.
Bb3 Ke7 39. h4 Rd3 40. Kg2 Kd6 41. Re1 Bd4 42. Rd1 Rxd1 43. Bxd1 Kc5 44. Ba4 Kb4 45. Be8 f6 46. a4 Kxc4 47.
f4 Kb4 48. h5 f5 49. Kf3 a5 50. Bd7 Bb6 51. Be8 Kc5 52. Bb5 Kd6 53. Be8 Ke7 54. Bg6 Bc7 55. Bh7 g5 56. Bg6 Bd6 57.
Ke3 Ba3 58. Kf3 Bc1 59. Bh7 Kf6 60. Bg8 Bd2 61. Bh7 Bc1 62. Bg8 g4+ 63. Kf2 Bb2 64. Kf1 Ba3 65. Kf2 Be7 66. Kf1 Bc5 67.
Ke2 Bb6 68. Kf1 Bc7 69. Kf2 e5 70. fxe5+ Bxe5 71. Bh7 Kg5 72. Bg6 Bd6 73. Kg2 Bc7 74. Kf2 Bxg3+ 75. Kxg3 f4+ 76. Kf2 Kh4 77. Kg2 f3+ 78. Kf2 Kh3 79.
Bf5 Kh4 80. Be6 Kh3 81. Bf5 Kh4 82. Bd7 Kh3 83. Be6 Kh4 84. Bf5 Kg5 85. Bd7 Kf4 86. Bb5 g3+ 87. Kg1 Kg4 88. Bc6 f2+ 89.
Kg2 Kxh5 90. Bd7 Kg5 91. Bh3 Kf4 92. Be6 h5 93. Bc4 h4 94. Bf1 Ke3 95. Kh3 Kd2 96. Kxh4 Ke1 97. Bg2 f1=Q 98.
Bxf1 Kxf1 99. Kxg3 Ke2 100. Kg2 Kd3 1/2-1/2

[Event "CAMPEONATO NACIONAL ABSOLUTO DE CHILE 2019"]
[Site "Torre ENTEL, Chile"]
[Date "2019.02.26"]
[Round "9.6"]
[White "Lopez Silva, Hugo"]
[Black "Salinas Herrera, Pablo"]
[Result "0-1"]
[TimeControl "90 minutos mas 30 segundos incremento por movida"]
[BlackTitle "IM"]
[WhiteFideId "3403874"]
[BlackFideId "3407128"]
[WhiteElo "2413"]
[BlackElo "2477"]

1. e4 e5 2. Nf3 Nc6 3. Bc4 Nf6 4. Ng5 d5 5. exd5 Na5 6. Bb5+ Bd7 7. Qe2 Be7 8. Nf3 O-O 9. Nxe5 Bxb5 10.
Qxb5 Bd6 11. d4 c5 12. dxc6 Nxc6 13. c3 Nxe5 14. dxe5 Re8 15. O-O Rxe5 16. Qxb7 Rb8 17. Qf3 Qd7 18. Nd2 Rf5 19. Qh3 g5 20.
g3 Re8 21. Nc4 g4 22. Qg2 Rf3 23. Be3 Bf8 24. Rad1 Qf5 25. Bd4 Ne4 26. Rfe1 Re6 27. Ne3 Qh5 28. Nf1 Ng5 29. Rxe6 fxe6 30. Be3 Nh3+ 31. Kh1 Qf5 32. Re1 Bc5 33. Re2 Bxe3 34. Nxe3 Qe4 35. Rd2 Rxe3 36. Qxe4 Rxe4 37. Kg2 Re1 0-1

[ePGN "0.1;DGT LiveChess/2.2.3"]

[Event "CAMPEONATO NACIONAL ABSOLUTO DE CHILE 2019"]
[Site "Torre ENTEL, Chile"]
[Date "2019.02.27"]
[Round "10.2"]
[White "Henriquez Villagra, Cristobal"]
[Black "Lopez Silva, Hugo"]
[Result "1-0"]
[TimeControl "90 minutos mas 30 segundos incremento por movida"]
[WhiteTitle "GM"]
[WhiteFideId "3409350"]
[BlackFideId "3403874"]
[WhiteElo "2508"]
[BlackElo "2413"]

1. e4 e5 2. Bc4 Nf6 3. Nc3 Nc6 4. d3 Na5 5. Nge2 Bc5 6. O-O Nxc4 7. dxc4 d6 8. Qd3 Be6 9. b3 O-O 10.
Ng3 Nd7 11. Rb1 Qh4 12. Be3 g6 13. Nb5 Rac8 14. Bxc5 Nxc5 15. Qe3 a6 16. Nc3 f5 17. exf5 Bxf5 18. Nxf5 Rxf5 19. Qg3 Qf6 20. Nd5 Qf7 21.
Qh4 Re8 22. f4 exf4 23. Rbe1 Rxe1 24. Rxe1 Re5 25. Rxe5 dxe5 26. Qg5 c6 27. Nf6+ Kg7 28. Nh5+ Kg8 29. Qxe5 Nd7 30. Qg5 Qe8 31. Kf1 f3 32. gxf3 Kh8 33.
Nf4 Qf8 34. Kf2 Qd6 35. h4 Ne5 36. Ne2 Kg7 37. Ng3 Qd4+ 38. Kg2 Kf7 39. Ne4 Qb2 40. Qf6+ Ke8 41. Qh8+ Kd7 42. Qxh7+ Kd8 43.
Qg8+ Kc7 44. Qg7+ Kd8 45. Qf8+ Kc7 46. Qd6+ Kc8 47. Kg3 Qa1 48. Kg2 Qb2 49. Qd2 Qxa2 50. f4 Ng4 51. Kf3 Nh6 52.
Nc5 Kc7 53. Ne6+ Kb8 54. Qd6+ Ka7 55. Qd4+ Ka8 56. Nc7+ Kb8 57. Qd8+ 1-0

[Event "CAMPEONATO NACIONAL ABSOLUTO DE CHILE 2019"]
[Site "Torre ENTEL, Chile"]
[Date "2019.02.28"]
[Round "11.1"]
[White "Tapia Fuentes, Jaime"]
[Black "Gasic Merino, Franco"]
[Result "0-1"]
[TimeControl "90 minutos mas 30 segundos incremento por movida"]
[WhiteTitle "FM"]
[WhiteFideId "3403025"]
[BlackFideId "3414370"]
[WhiteElo "2259"]
[BlackElo "2189"]

1. Nf3 Nf6 2. g3 g6 3. Bg2 Bg7 4. O-O c5 5. d3 O-O 6. e4 d6 7. Re1 Nc6 8. c3 Rb8 9. d4 cxd4 10.
cxd4 d5 11. e5 Ne4 12. Nbd2 Bf5 13.
Nb3 f6 14. exf6 Bxf6 15. Bf4 Rc8 16. Ne5 g5 17. Nxc6 Rxc6 18. Be3 Qd7 19. f3 Nd6 20. Nc5 Qd8 21. g4 b6 22. Na6 Be6 23.
b3 Qc8 24. Nb4 Rc3 25. Nd3 Nb5 26. Ne5 Na3 27. Qd2 Rc7 28. Rac1 Bxe5 29. dxe5 Nc2 30. Red1 Nxe3 31. Qxe3 Rf4 32.
Rxc7 Qxc7 33. Rc1 Qd7 34. h4 h6 35.
Qd3 Bf7 36. Re1 Kg7 37. Rd1 d4 38. h5 Qd5 39. Re1 b5 40. Kf2 a5 41. Bf1 b4 42. Re4 Rxe4 43. Qxe4 Qxe4 44. fxe4 Be6 45.
Be2 Bc8 46. Ke1 Kf7 47. Bc4+ Kg7 48. Be2 d3 49. Bf3 Kf7 50. Kd2 Ke6 51. Kxd3 Kxe5 52. Ke3 Bb7 53. Bg2 Ba8 54. Bf3 Bc6 55.
Bg2 a4 56. Bf3 a3 57. Kd3 Bb5+ 58. Ke3 Ba6 59. Bd1 Bc8 60. Bf3 Be6 61. Bd1 Bf7 62. Bc2 Be8 63. Bd3 Bd7 64. Be2 Bc8 65.
Bd1 Be6 66. Kd3 Kf4 67. Kd4 Bxg4 68. Bc2 Be2 0-1

[Event "CAMPEONATO NACIONAL ABSOLUTO DE CHILE 2019"]
[Site "Torre ENTEL, Chile"]
[Date "2019.02.28"]
[Round "11.2"]
[White "Aguirre Contreras, Cristian"]
[Black "Olivares Olivares, Claudio"]
[Result "1-0"]
[TimeControl "90 minutos mas 30 segundos incremento por movida"]
[WhiteTitle "FM"]
[BlackTitle "FM"]
[WhiteFideId "3412776"]
[BlackFideId "3400786"]
[WhiteElo "2252"]
[BlackElo "2387"]

1. e4 c5 2. c3 d5 3. exd5 Qxd5 4. d4 Nf6 5. Nf3 Bg4 6. Be2 e6 7. Na3 a6 8. Nc4 Bxf3 9. gxf3 Nbd7 10.
Rg1 cxd4 11. Rg5 Qc6 12. Qxd4 b5 13. Ne3 Nc5 14. c4 b4 15. Nc2 Rd8 16. Qe3 h6 17. Rg1 Na4 18. Qb3 a5 19.
Bd2 g6 20. O-O-O Nc5 21. Qe3 Be7 22. Kb1 h5 23. Nd4 Qb7 24. Bc1 h4 25. Nb5 O-O 26. Qh6 Rxd1 27. Bxd1 Rd8 28. Bc2 Bf8 29.
Qxh4 Bg7 30. Be3 Ncd7 31. Nd6 Qxf3 32. Qg5 Nf8 33. Nxf7 Kxf7 34. Bxg6+ Ke7 35. Qc5+ Rd6 36. Qc7+ N6d7 37.
Bc5 Be5 38. Bc2 Qf4 39. Rd1 Qxh2 40. Ba4 Qf4 41. a3 bxa3 42. Bxa3 Qe4+ 43. Ka2 Qf4 44. Rd3 Qh2 45. Rf3 Qh7 46.
Qc8 Qe4 47. Rxf8 Nxf8 48. Qe8+ 1-0